 Dungeon Crawl Stone Soup version 0.29-a0-359-g541a27f54d (webtiles) character file.

Game seed: 3594029948480882836

11 Bruhh the Firebug (level 2, 24/24 HPs)
             Began as an Ogre Fire Elementalist on Apr 27, 2022.
             Quit the game on level 1 of the Dungeon.
             The game lasted 00:01:24 (322 turns).

Bruhh the Firebug (Ogre Fire Elementalist)           Turns: 322, Time: 00:01:24

Health: 24/24      AC:  3    Str: 11    XL:     2   Next: 25%
Magic:  5/5        EV:  9    Int: 16    God:
Gold:   27         SH:  0    Dex:  9    Spells: 5/6 levels left

rFire   . . .      SeeInvis .   (no weapon)
rCold   . . .      Faith    .   (no shield)
rNeg    . . .      Spirit   .   a - +0 robe
rPois   .          Reflect  .   (helmet restricted)
rElec   .          Harm     .   (no cloak)
rCorr   .          Rampage  .   (gloves unavailable)
Will    .....                   (boots unavailable)
Stlth   +.........              (no amulet)
HPRegen 0.08/turn               (no ring)
MPRegen 0.09/turn               (no ring)

@: no status effects
A: large, unfitting armour, tough skin 1
a: no special abilities


You were on level 1 of the Dungeon.
You visited 1 branch of the dungeon, and saw 1 of its levels.

You collected 27 gold pieces.

Inventory:

Armour
 a - a +0 robe (worn)
Jewellery
 d - an amulet of the acrobat
Scrolls
 c - a scroll of torment {unknown}
 f - a scroll of enchant armour {unknown}
Potions
 b - 2 potions of magic
 e - a potion of curing {unknown}


   Skills:
 + Level 1.7 Dodging
 + Level 1.4 Stealth
 + Level 2.8 Spellcasting
 + Level 0.8 Conjurations
 + Level 3.1 Fire Magic


You had 5 spell levels left.
You knew the following spells:

 Your Spells              Type           Power      Damage    Failure   Level
a - Foxfire               Conj/Fire      32%        2x1d5     9%          1

Your spell library contained the following spells:

 Spells                   Type           Power      Damage    Failure   Level
 Scorch                   Fire           24%        2d6       9%          2
 Conjure Flame            Conj/Fire      8%         6-21      26%         3
 Inner Flame              Hex/Fire       7%         N/A       30%         3
 Flame Wave               Conj/Fire      8%         2d5       63%         4


Dungeon Overview and Level Annotations

Branches:
Dungeon (1/15)

Altars:


Innate Abilities, Weirdness & Mutations

You are too large for most types of armour.
You have tough skin. (AC +1)


Message History

You conjure some foxfire!
The kobold hits you with a +0 club.
You barely miss the kobold. You punch the kobold.
The kobold is heavily wounded.
The foxfire hits the kobold.
The kobold is severely wounded.
The foxfire hits the kobold but does no damage.
The kobold is severely wounded.
The kobold hits you with a +0 club.
The hobgoblin hits you but does no damage.
You conjure some foxfire!
The kobold closely misses you. The hobgoblin barely misses you.
You completely miss the kobold.
The kobold is severely wounded.
The foxfire hits the rat.
The rat is heavily wounded.
The foxfire hits the rat.
You kill the rat!
The kobold hits you but does no damage. The hobgoblin completely misses you.
Casting: Foxfire (safe; 9% risk of failure)
Confirm with . or Enter, or press ? or * to list all spells.
You conjure some foxfire!
The kobold closely misses you. The hobgoblin closely misses you.
You hit the kobold.
You kill the kobold!
The foxfire hits the hobgoblin.
The hobgoblin is severely wounded.
The foxfire hits the hobgoblin.
You kill the hobgoblin!
HP restored.
You see here a hobgoblin corpse.
Things that are here:
a +0 dagger; a goblin corpse Key pressed, stopping explore.
d - an amulet of the acrobat
e - a bubbling purple potion
f - a scroll labelled TOELOE LIUMAG
Found 20 stones.
You see here 20 stones.
Found 3 javelins.
Are you sure you want to abandon this character and quit the game? (Confirm with "yes".)

##.# #.#######
#.......############
#.#####.........(...
#.# ##############
#.# ###
..#####.#########
#..
.................
#.# .####.#.#@######
#.#.....# . #.....#
.........#
....#.....#
.###.#...... #(#
..####.# ## .#. ..


There were no monsters in sight!

Vanquished Creatures
  A bat (D:1)
  A giant cockroach (D:1)
  A goblin (D:1)
  2 hobgoblins (D:1)
  A kobold (D:1)
  A quokka (D:1)
  A frilled lizard (D:1)
  A rat (D:1)
9 creatures vanquished.

Vanquished Creatures (others)
  17 foxfires (D:1)
17 creatures vanquished.

Grand Total: 26 creatures vanquished

Notes
Turn   | Place    | Note
-------+----------+-------------------------------------------
     0 | D:1      | Bruhh the Ogre Fire Elementalist began the quest for the
                  | Orb.
     0 | D:1      | Reached XP level 1. HP: 16/16 MP: 3/3
   181 | D:1      | Reached skill level 3 in Fire Magic
   181 | D:1      | Reached XP level 2. HP: 24/24 MP: 3/5
   322 | D:1      | Quit the game

Illustrated notes

Levels and vault maps discovered:
D:1:      pf_arrival_petrified_forest, layout_loops_ring, item_on_display_a

Skill      XL: |  1 |
---------------+----+-----
Fire Magic     | 3 |  3.1
Dodging        | |  1.7
Stealth        | |  1.4
Spellcasting   | |  2.8
Conjurations   | |  0.8

Action                   || total
-------------------------++-------
Melee: Unarmed           ||     6
       Punch             ||     1
 Cast: Foxfire           ||    12
Armor: Robe              ||     2
Dodge: Dodged            ||     9

Table legend: (Time is in decaauts)
 A = Elapsed time spent in this place.
 B = Non-inter-level travel time spent in this place.
 C = Inter-level travel time spent in this place.
 D = Time resting spent in this place.
 E = Time spent auto-exploring this place.
 F = Levels seen in this place.
 G = Mean time per level.
                   A        B        C        D        E       F      G
               +--------+--------+--------+--------+--------+-----+--------+
         Total |    322 |    322 |      0 |      0 |    273 |   1 |  322.0 |
       Dungeon |    322 |    322 |      0 |      0 |    273 |   1 |  322.0 |
               +--------+--------+--------+--------+--------+-----+--------+

Top non-repeatable levels by time:
     D:1: 322 daAuts
